 Dungeon Crawl Stone Soup version 0.26-a0-835-g8259106e14 (webtiles) character file.

Game seed: 4897601286464200427

11143 Frask the Swashbuckler (level 11, -1/89 (91) HPs)
             Began as a Hill Orc Monk on Nov 17, 2020.
             Was a High Priest of Okawaru.
             Slain by a seven-headed hydra (8 damage)
             ... on level 1 of the Lair of Beasts.
             The game lasted 00:58:26 (14357 turns).

Frask the Swashbuckler (Hill Orc Monk)             Turns: 14357, Time: 00:58:27

HP:   -1/89 (91)    AC: 18    Str: 18    XL:     11   Next: 73%
MP:   0/11          EV: 17    Int: 15    God:    Okawaru [*****.]
Gold: 837           SH:  0    Dex: 20    Spells: 10/10 levels left

rFire    . . .     SeeInvis +   b - +3 dagger (protect)
rCold    + . .     Faith    .   (no shield)
rNeg     . . .     Spirit   +   g - +0 ring mail
rPois    .         Reflect  .   B - +3 crown of Dyrovepreva {rElec Int+2 SInv}
rElec    +         Harm     .   (no cloak)
rCorr    .         Rampage  .   a - +0 pair of gloves
MR       .....                  p - +0 pair of boots
Stlth    ++........             f - amulet of guardian spirit
HPRegen  0.24/turn              t - +4 ring of evasion
MPRegen  0.12/turn              v - +6 ring of dexterity

@: protection aura
A: claws 1, clever 1, cold resistance 1, strong 1
a: Heroism, Finesse, Renounce Religion


You were on level 1 of the Lair of Beasts.
You worshipped Okawaru.
Okawaru was extremely pleased with you.
You visited 3 branches of the dungeon, and saw 13 of its levels.

You collected 837 gold pieces.

Inventory:

Hand Weapons
 b - a +3 dagger of protection (weapon)
 k - the +8 long sword "Embalmer" {venom, MP+9 Str+3}
   (You found it on level 5 of the Dungeon)

   It poisons the flesh of those it strikes.
   It affects your strength (+3).
   It affects your magic capacity (+9).
 l - a +2 dagger of venom
 s - a +0 short sword
 A - a +2 lajatang of speed
 D - a +1 spear of venom
Missiles
 q - 12 atropa-tipped darts (quivered)
Armour
 a - a +0 pair of gloves (worn)
 e - a +0 robe of positive energy
 g - a +0 ring mail (worn)
 m - a +0 kite shield
 p - a +0 pair of boots (worn)
 r - a +1 cloak of magic resistance
 B - the +3 crown of Dyrovepreva (worn) {rElec Int+2 SInv}
   (You found it on level 7 of the Dungeon)

   It affects your intelligence (+2).
   It insulates you from electricity.
   It lets you see invisible.
Jewellery
 d - an uncursed ring of fire
 f - an amulet of guardian spirit (around neck)
 o - an uncursed amulet of regeneration
 t - a +4 ring of evasion (left hand)
 v - a +6 ring of dexterity (right hand)
 w - an uncursed amulet of reflection
 R - a +6 ring of dexterity
 T - an uncursed ring of wizardry
 W - an uncursed ring of ice {unknown}
Wands
 y - a wand of polymorph (13)
 H - a wand of iceblast (5)
 K - a wand of random effects (30)
 N - a wand of flame (12)
 V - a wand of digging (6)
Scrolls
 c - 5 scrolls of teleportation
 h - a scroll of enchant armour {unknown}
 j - 6 scrolls of identify
 x - 6 scrolls of enchant weapon
 F - a scroll of silence {unknown}
 G - 3 scrolls of remove curse
 J - a scroll of amnesia
 M - a scroll of blinking {unknown}
 O - a scroll of magic mapping {unknown}
 P - a scroll of fog {unknown}
 X - a scroll of vulnerability {unknown}
Potions
 i - 2 potions of brilliance
 n - 2 potions of magic
 u - 5 potions of heal wounds
 z - 2 potions of ambrosia
 C - a potion of resistance {unknown}
 E - a potion of attraction {unknown}
 I - 3 potions of mutation
 L - 3 potions of curing
 Q - 2 potions of might
 S - a potion of haste {unknown}
 U - a potion of lignification {unknown}


   Skills:
 + Level 6.8 Fighting
 - Level 16.0 Short Blades
 - Level 5.0 Armour
 - Level 3.0 Dodging
 - Level 2.0 Stealth


You had 10 spell levels left.
You didn't know any spells.
Your spell library contained the following spells:

 Spells                   Type           Power        Failure   Level
 Beastly Appendage        Tmut           #.....       41%         1
 Magic Dart               Conj           #...         41%         1
 Blink                    Tloc           N/A          56%         2
 Call Imp                 Summ           #.......     56%         2
 Slow                     Hex            #.......     56%         2
 Wereblood                Tmut           #.......     56%         2
 Conjure Flame            Conj/Fire      #.......     80%         3
 Mephitic Cloud           Conj/Pois/Air  #.......     80%         3
 Spider Form              Tmut/Pois      #.........   80%         3
 Ice Form                 Ice/Tmut       #.......     99%         4
 Blade Hands              Tmut           #.........   100%        5


Dungeon Overview and Level Annotations

Branches:
Dungeon (11/15)            Temple (1/1) D:4            Lair (1/6) D:10
    Orc: D:9-12

Altars:
Ashenzari
Cheibriados
Dithmenos
Elyvilon
Fedhas
Gozag
Hepliaklqana
Kikubaaqudgha
Makhleb
Nemelex Xobeh
Okawaru
Qazlal
Ru
Sif Muna
Trog
Uskayaw
Vehumet
Wu Jian
Xom
Yredelemnul
Zin
The Shining One


Innate Abilities, Weirdness & Mutations

You have sharp fingernails.
Your mind is acute. (Int +2)
Your flesh is cold resistant. (rC+)
Your muscles are strong. (Str +2)


Message History

The seven-headed hydra closely misses you.
The seven-headed hydra bites you.
* * * LOW HITPOINT WARNING * * *
The seven-headed hydra bites you!
* * * LOW HITPOINT WARNING * * *
The seven-headed hydra barely misses you.
The seven-headed hydra misses you.
The seven-headed hydra completely misses you.
You hit the seven-headed hydra.
The seven-headed hydra is heavily wounded.
You hit the seven-headed hydra.
The seven-headed hydra is severely wounded.
The seven-headed hydra closely misses you.
The seven-headed hydra bites you but does no damage.
The seven-headed hydra misses you.
The seven-headed hydra closely misses you.
The seven-headed hydra bites you!
* * * LOW HITPOINT WARNING * * *
The seven-headed hydra bites you!
You die...

#......P###...........#.#..#
##....####......#.......#...#
##...# #........#......###..
#######........#.#.#### ..
#...##.####.... .
#...#..8.#..#. #...#.........
#....#8.8..+... #....#.@...#
#......D8.## ##....#.###
##...... #....... #.........
.###...... #......


You could see a seven-headed hydra (very poisoned).

Vanquished Creatures
  2 two-headed ogres
  A centaur warrior (D:8)
  The ghost of kd29 the Black Sun, a novice DsIE of Kikubaaqudgha (D:6)
  An ice statue (D:10)
  3 cane toads (Lair:1)
  2 komodo dragons (Lair:1)
  3 trolls
  A wyvern (D:9)
  A basilisk (Lair:1)
  7 yaks
  A vampire (D:11)
  The ghost of lunkers the Gusty, an amateur TeAE (D:5)
  2 water moccasins
  A black bear (D:10)
  2 orc warriors
  2 necrophages
  2 sky beasts
  A wolf (D:10)
  5 ogres
  5 centaurs
  10 bullfrogs
  3 scorpions
  19 killer bees
  5 wights (D:9)
  2 electric eels (D:10)
  3 howler monkeys
  A centaur zombie (D:5)
  Crazy Yiuf (D:7)
  A jelly (D:11)
  5 orc priests
  9 hounds
  6 orc wizards
  An iguana (D:8)
  12 worker ants
  A howler monkey zombie (D:8)
  2 worker ant zombies
  10 gnolls
  11 adders
  A shadow imp (D:7)
  3 white imps
  3 ufetubi
  An ooze (D:4)
  An adder zombie (D:5)
  3 adder skeletons
  A worm (D:5)
  A dart slug (D:1)
  4 leopard geckos
  23 orcs
  7 giant cockroaches
  7 hobgoblins
  16 jackals
  3 quokkas
  A ball python (D:5)
  A ball python skeleton (D:6)
  6 bats
  5 frilled lizards
  5 goblins
  4 kobolds
  A leopard gecko skeleton (D:5)
  A quokka zombie (D:8)
  5 rats
249 creatures vanquished.

Notes
Turn   | Place    | Note
-------+----------+-------------------------------------------
     0 | D:1      | Frask the Hill Orc Monk began the quest for the Orb.
     0 | D:1      | Reached XP level 1. HP: 19/19 MP: 1/1
   464 | D:1      | Reached XP level 2. HP: 21/27 MP: 2/2
   932 | D:1      | Reached XP level 3. HP: 33/33 MP: 3/3
  2468 | D:3      | Reached skill level 1 in Armour
  2628 | D:3      | Gained mutation: Your body sometimes deteriorates upon
                  | taking damage. [potion of mutation]
  2628 | D:3      | Gained mutation: Your mind is acute. (Int +2) [potion of
                  | mutation]
  2628 | D:3      | Gained mutation: You are clumsy. (Dex -2) [potion of
                  | mutation]
  2628 | D:3      | Gained mutation: You have sharp fingernails. [potion of
                  | mutation]
  2640 | D:3      | Reached XP level 4. HP: 19/41 MP: 4/4
  3215 | D:3      | Lost mutation: Your body sometimes deteriorates upon taking
                  | damage. [potion of mutation]
  3215 | D:3      | Lost mutation: You are clumsy. (Dex -2) [potion of
                  | mutation]
  3215 | D:3      | Gained mutation: Your flesh is cold resistant. (rC+)
                  | [potion of mutation]
  3215 | D:3      | Gained mutation: Your muscles are strong. (Str +2) [potion
                  | of mutation]
  3413 | D:3      | Found a shimmering blue altar of Sif Muna.
  3868 | D:4      | Found a staircase to the Ecumenical Temple.
  3869 | D:4      | Found a sparkling altar of Nemelex Xobeh.
  3876 | Temple   | Entered the Ecumenical Temple
  3882 | Temple   | Reached XP level 5. HP: 36/47 MP: 5/5
  4009 | Temple   | Became a worshipper of Warmaster Okawaru
  4009 | Temple   | Reached * piety under Okawaru
  4009 | Temple   | Reached ** piety under Okawaru
  4188 | Temple   | HP: 2/47 [poisoned by a scorpion]
  4196 | Temple   | HP: 1/47 [poisoned by a scorpion]
  4559 | D:4      | Reached skill level 5 in Fighting
  4563 | D:4      | Reached XP level 6. HP: 27/56 MP: 2/6
  4846 | D:4      | Reached skill level 5 in Armour
  5313 | D:5      | Entered Level 5 of the Dungeon
  5313 | D:5      | Noticed a sky beast
  5352 | D:5      | Killed a sky beast
  5353 | D:5      | Reached skill level 4 in Short Blades
  5353 | D:5      | Reached XP level 7. HP: 12/61 MP: 1/7
  5678 | D:5      | Reached *** piety under Okawaru
  5679 | D:5      | Reached skill level 5 in Short Blades
  5891 | D:5      | Noticed a yak
  5935 | D:5      | Killed a yak
  5936 | D:5      | Reached skill level 6 in Short Blades
  5963 | D:5      | Reached XP level 8. HP: 38/68 MP: 3/8
  5972 | D:5      | Reached skill level 7 in Short Blades
  6045 | D:5      | HP: 3/68 [poisoned by a worker ant]
  6048 | D:5      | Reached **** piety under Okawaru
  6052 | D:5      | HP: 3/68 [poisoned by a worker ant]
  6060 | D:5      | HP: 2/68 [poisoned by a worker ant]
  6674 | D:5      | Found a transporter.
  6674 | D:5      | Found a transporter.
  6675 | D:5      | Noticed lunkers's ghost (amateur TeAE)
  6695 | D:5      | Reached skill level 8 in Short Blades
  6714 | D:5      | Killed lunkers's ghost
  6715 | D:5      | Reached skill level 9 in Short Blades
  6727 | D:5      | Got a steaming long sword
  7019 | D:5      | Identified the +8 long sword "Embalmer" {venom, MP+9 Str+3}
                  | (You found it on level 5 of the Dungeon)
  7309 | D:6      | Reached ***** piety under Okawaru
  7310 | D:6      | Reached XP level 9. HP: 61/74 MP: 9/9
  7312 | D:6      | Reached skill level 10 in Short Blades
  7475 | D:6      | Received a gift from Okawaru
  7554 | D:6      | Found a transporter.
  7562 | D:6      | Noticed kd29's ghost (novice DsIE)
  7567 | D:6      | Identified the +9 great mace of Punishment {elec, Str+4}
  7567 | D:6      | Noticed a two-headed ogre
  7570 | D:6      | Found a transporter.
  7578 | D:6      | Killed kd29's ghost
  7579 | D:6      | Reached skill level 11 in Short Blades
  7583 | D:6      | Killed a two-headed ogre
  7584 | D:6      | Reached skill level 12 in Short Blades
  7603 | D:6      | Reached XP level 10. HP: 27/79 MP: 8/10
  7837 | D:6      | Found a burning altar of Makhleb.
  7838 | D:6      | Found an opulent altar of Gozag.
  8234 | D:7      | Found the +3 crown of Dyrovepreva {rElec Int+2 SInv}
  8713 | D:7      | Found a runed translucent door.
  8714 | D:7      | Noticed Crazy Yiuf
  8720 | D:7      | Killed Crazy Yiuf
  8941 | D:8      | Found a hazy altar of Hepliaklqana.
  8986 | D:8      | Reached skill level 13 in Short Blades
  9119 | D:8      | Noticed a centaur warrior
  9133 | D:8      | Killed a centaur warrior
  9133 | D:8      | Received a gift from Okawaru
 10543 | D:9      | Noticed a two-headed ogre
 10549 | D:9      | Killed a two-headed ogre
 10550 | D:9      | Reached skill level 14 in Short Blades
 10959 | D:9      | Found a hazy altar of Hepliaklqana.
 10981 | D:9      | Received a gift from Okawaru
 10982 | D:9      | Reached XP level 11. HP: 41/84 MP: 8/11
 10983 | D:9      | Reached ****** piety under Okawaru
 10986 | D:9      | Reached skill level 15 in Short Blades
 11196 | D:9      | Found a white marble altar of Elyvilon.
 11660 | D:10     | Entered Level 10 of the Dungeon
 11681 | D:10     | Found a staircase to the Lair.
 13335 | Lair:1   | Entered Level 1 of the Lair of Beasts
 13559 | Lair:1   | Reached skill level 16 in Short Blades
 14341 | Lair:1   | Noticed a seven-headed hydra
 14357 | Lair:1   | Slain by a seven-headed hydra

Illustrated notes

Levels and vault maps discovered:
D:1:      wander_arrival_peaceful_grave, layout_loops_cross
D:2:      layout_basic, serial_rivers, chequers_serial_rivers_micro_b,
          chequers_serial_rivers_micro_b, chequers_serial_rivers_micro_d,
          chequers_serial_rivers_small_b, fountainhead
D:3:      layout_basic, lemuel_round_altar
D:4:      layout_loops_cross, nemelex_xobeh_ov_fountains_minmay,
          minmay_temple_entry_trees
D:5:      cheibrodos_fzero, layout_rooms, gammafunk_ghost_hive
D:6:      layout_rooms, chequers_temple_overflow_statue_of_worship,
          gammafunk_ghost_smash, makhleb_altar_promises_db
D:7:      layout_cave_pods, minmay_fractal_squares_gapless_5,
          uniq_crazy_yiuf_cottage
D:8:      layout_basic, minivault_24, skrybe_limestone_x, lemuel_altar_in_water
D:9:      layout_grid_maze, lemuel_crystal_altar, lemuel_round_altar
D:10:     layout_roguey, erik_lair_island, hangedman_decor_slide_cut,
          minivault_16
D:11:     layout_small_grid
Temple:   nicolae_temple_elliptical
Lair:1:   layout_cave_pods, grunt_megastairs_1

Skill      XL: |  1  2  3  4  5  6  7  8  9 10 11 |
---------------+----------------------------------+-----
Fighting       | 4 5 6 |  6.8
Dodging        | 3 |  3.0
Stealth        | 2 |  2.0
Armour         | 1 3 4 5 |  5.0
Short Blades   | 4 6 9 12 14 16 | 16.0

Action                   |  1- 3 |  4- 6 |  7- 9 | 10-12 || total
-------------------------+-------+-------+-------+-------++-------
Melee: Short sword       |   240 |   174 |       |       ||   414
       Dagger            |       |    76 |   238 |    11 ||   325
       Long sword        |       |       |    47 |   311 ||   358
  Use: Potion            |     3 |     4 |     4 |       ||    11
       Scroll            |       |    10 |     3 |       ||    13
 Stab: Sleeping          |     1 |       |       |     3 ||     4
       Invisible         |       |     6 |       |       ||     6
       Distracted        |       |       |     1 |       ||     1
Armor: Robe              |    11 |       |       |       ||    11
       Ring mail         |    90 |    94 |    82 |   100 ||   366
Dodge: Dodged            |   193 |   152 |   144 |   331 ||   820
       Rpst.: Long sword |       |       |    12 |    84 ||    96

Table legend: (Time is in decaauts)
 A = Elapsed time spent in this place.
 B = Non-inter-level travel time spent in this place.
 C = Inter-level travel time spent in this place.
 D = Time resting spent in this place.
 E = Time spent auto-exploring this place.
 F = Levels seen in this place.
 G = Mean time per level.
                   A        B        C        D        E       F      G
               +--------+--------+--------+--------+--------+-----+--------+
         Total |  14203 |  13797 |    406 |    949 |  10600 |  13 | 1092.5 |
       Dungeon |  12590 |  12209 |    381 |    618 |   9473 |  11 | 1144.5 |
        Temple |    604 |    579 |     25 |    331 |    228 |   1 |  604.0 |
          Lair |   1009 |   1009 |      0 |      0 |    899 |   1 | 1009.0 |
               +--------+--------+--------+--------+--------+-----+--------+

Top non-repeatable levels by time:
     D:5: 1866 daAuts
     D:9: 1708 daAuts
     D:1: 1485 daAuts
    D:10: 1293 daAuts
     D:3: 1240 daAuts
     D:8: 1168 daAuts
     D:2: 1127 daAuts
  Lair:1: 1009 daAuts
     D:4: 834 daAuts
     D:7: 829 daAuts
     D:6: 669 daAuts
  Temple: 604 daAuts
    D:11: 367 daAuts
